 Dungeon Crawl Stone Soup version 0.28.0-43-g3370ac3207 (webtiles) character file.

Game seed: 12679513687207577912

8488 nickcage the Tainter (level 11, -4/74 HPs)
             Began as a White Draconian Venom Mage on Mar 8, 2022.
             Was a High Priest of Lugonu.
             Drowned by a water elemental (8 damage)
             ... on level 10 of the Dungeon.
             The game lasted 01:28:21 (14532 turns).

nickcage the Tainter (White Draconian Venom Mage)  Turns: 14532, Time: 01:28:22

Health: -4/74      AC: 17    Str: 17    XL:     11   Next: 10%
Magic:  23/23      EV: 12    Int: 21    God:    Lugonu [*****.]
Gold:   254        SH:  0    Dex: 12    Spells: 7/26 levels left

rFire   . . .      SeeInvis .   e - +4 short sword
rCold   + . .      Faith    .   (no shield)
rNeg    . . .      Spirit   .   (armour unavailable)
rPois   +          Reflect  .   (helmet restricted)
rElec   .          Harm     .   l - scarf {+Inv}
rCorr   .          Rampage  .   o - +0 pair of gloves
Will    .....                   f - +1 pair of boots
Stlth   ++........              m - amulet of Desertification {RegenMP +Blink Int+2}
HPRegen 0.22/turn               a - +6 ring of strength
MPRegen 0.58/turn               k - ring of poison resistance

@: ice-armoured, short of breath, engulfed (cannot breathe)
A: breathe frost, AC +7, unfitting armour, cold resistance 1, cold-blooded
a: Breathe Frost, Renounce Religion, Evoke Blink, Evoke Invisibility, Depart the
Abyss, Bend Space, Banish, Corrupt, Enter the Abyss


You were on level 10 of the Dungeon.
You worshipped Lugonu.
Lugonu was extremely pleased with you.
You visited 1 branch of the dungeon, and saw 10 of its levels.

You collected 455 gold pieces.
You spent 201 gold pieces at shops.

Inventory:

Hand Weapons
 e - a +4 short sword (weapon)
Missiles
 b - 17 poisoned darts
 p - 2 throwing nets
Armour
 f - a +1 pair of boots (worn)
 l - a scarf of invisibility (worn)
 o - a +0 pair of gloves (worn)
Magical Staves
 s - a staff of poison
Jewellery
 a - a +6 ring of strength (left hand)
 k - a ring of poison resistance (right hand)
 m - the amulet of Desertification (around neck) {RegenMP +Blink Int+2}
   (You found it on level 9 of the Dungeon)

   [amulet of magic regeneration]

   It increases your rate of magic regeneration.
   Int:       It affects your intelligence (+2).
   +Blink:    It lets you blink.
 t - a ring of resist corrosion
 w - a +4 ring of protection
Wands
 q - a wand of flame (4)
 u - a wand of polymorph (4)
 z - a wand of iceblast (6)
Scrolls
 c - 4 scrolls of blinking
 d - a scroll of noise
 g - 6 scrolls of identify
 i - a scroll of fear
 j - 2 scrolls of teleportation
 y - a scroll of enchant armour
 A - a scroll of holy word
 B - a scroll of fog {unknown}
Potions
 h - 3 potions of brilliance
 n - a potion of flight
 r - 2 potions of lignification
 x - a potion of might
Miscellaneous
 v - a phial of floods


   Skills:
 - Level 1.7 Dodging
 - Level 1.7 Stealth
 - Level 8.0 Spellcasting
 - Level 9.0 Conjurations
 - Level 1.3 Translocations
 - Level 2.3 Transmutations
 * Level 6.0 Ice Magic
 - Level 2.0 Air Magic
 - Level 10.0 Poison Magic
 - Level 4.5 Invocations


You had 7 spell levels left.
You knew the following spells:

 Your Spells              Type           Power      Damage    Failure   Level
a - Sting                 Tmut/Pois      100%       1d8       1%          1
b - Poisonous Vapours     Pois/Air       66%        N/A       1%          2
c - Mephitic Cloud        Conj/Pois/Air  37%        N/A       1%          3
d - Olgreb's Toxic Radia  Pois           50%        N/A       1%          4
e - Magic Dart            Conj           100%       1d8       1%          1
f - Iskenderun's Battles  Conj           46%        2d10      5%          5
g - Ozocubu's Armour      Ice            33%        N/A       1%          3

Your spell library contained the following spells:

 Spells                   Type           Power      Damage    Failure   Level
 Searing Ray              Conj           92%        2d7       1%          2
 Apportation              Tloc           28%        N/A       4%          1
 Corpse Rot               Necr/Air       24%        N/A       8%          2
 Iskenderun's Mystic Bla  Conj/Tloc      30%        2d8       10%         4
 Call Imp                 Summ           8%         N/A       12%         2
 Fulminant Prism          Conj/Hex       13%        3d9       12%         4
 Alistair's Intoxication  Tmut/Pois      22%        N/A       17%         5
 Fireball                 Conj/Fire      13%        3d7       34%         5
 Dispel Undead            Necr           8%         3d8       61%         4
 Conjure Ball Lightning   Conj/Air       15%        3x3d6     77%         6
 Orb of Destruction       Conj           23%        9d8       86%         7
 Lee's Rapid Deconstruct  Erth           4%         3d6*      91%         5
 Ozocubu's Refrigeration  Ice            16%        4d8       99%         7
 Death Channel            Necr           4%         N/A       100%        6


Dungeon Overview and Level Annotations

Branches:
Dungeon (10/15)            Temple (0/1) D:7             Orc (0/2) D:9
   Lair: D:8-11

Altars:
Dithmenos
Elyvilon
Gozag
Ru
Uskayaw
Xom
Yredelemnul
The Shining One
Lugonu

Shops:
D:5 =   D:7 *


Innate Abilities, Weirdness & Mutations

You can breathe waves of freezing cold which knock back foes.
Your icy white scales are hard. (AC +7)
You cannot fit into any form of body armour.
Your flesh is cold resistant. (rC+)
You are cold-blooded and may be slowed by cold attacks.


Message History

You gasp with relief as air once again reaches your lungs.
Casting: Sting (safe; 1% risk of failure)
Confirm with . or Enter, or press ? or * to list all spells.
You can't see any susceptible monsters within range! (Use Z to cast anyway.)
Casting: Sting (safe; 1% risk of failure)
Confirm with . or Enter, or press ? or * to list all spells.
A film of ice covers your body! The water elemental hits you.
You barely miss the water elemental.
The water elemental is heavily damaged.
The water elemental closely misses you.
You hit the water elemental. You punch the water elemental.
The water elemental is severely damaged.
The water elemental hits you!
The water elemental engulfs you in water!
You hit the water elemental but do no damage.
The water elemental is severely damaged.
Your lungs strain for air!
The water elemental barely misses you. The water elemental hits you.
You hit the water elemental.
The water elemental is severely damaged.
Your lungs strain for air!
The water elemental hits you!
* * * LOW HITPOINT WARNING * * *
You hit the water elemental.
You tail-slap the water elemental, but do no damage.
The water elemental is almost destroyed.
* * * LOW HITPOINT WARNING * * *
Your lungs strain for air!
The water elemental hits you.
* * * LOW HITPOINT WARNING * * *
You barely miss the water elemental.
You tail-slap the water elemental, but do no damage.
The water elemental is almost destroyed.
* * * LOW HITPOINT WARNING * * *
Your lungs strain for air!
The water elemental misses you.
You hit the water elemental.
Your tail-slap misses the water elemental.
The water elemental is almost destroyed.
You die...

.......#....$...#<..##...##......
......##...$#...#......#..##..###
###....#...§≈...#..............##
≈≈#...##........###..#######.....
⌠≈#...##≈≈....≈≈# #...######..###
>≈#..?##○○°...≈≈# ##..##.>.....>.
≈≈#...# #°☼# ###..##.........
#'#...# #..#####.....#.........
......# #...EE@..###.#.........
###...# ########## #........... #
##### ###.#####.## # #.#####.#
#.>.....# #########


You could see a water elemental and a fire elemental.

Vanquished Creatures
  A two-headed ogre (D:6)
  A troll (D:10)
  Grum (D:8)
  15 yaks (D:10)
  2 steam dragons
  4 water moccasins
  3 ice beasts
  4 black bears
  2 orc warriors
  7 ogres
  A sky beast (D:8)
  3 centaurs
  3 wolves (D:8)
  A phantom (D:4)
  2 kobold brigands
  A bullfrog (D:6)
  5 scorpions
  A wyvern zombie (D:7)
  A water moccasin skeleton (D:2)
  11 killer bees
  A wight (D:9)
  4 howler monkeys
  3 centaur zombies
  2 bullfrog zombies (D:6)
  3 jellies
  A hound (D:6)
  2 centaur skeletons (D:5)
  5 orc priests
  A gnoll shaman (D:7)
  4 iguanas
  13 orc wizards
  Natasha (thrice) (D:4)
  A killer bee zombie (D:7)
  2 hound skeletons (D:4)
  A howler monkey zombie (D:8)
  11 gnolls
  8 adders
  2 howler monkey skeletons
  2 white imps (D:6)
  An ufetubus (D:3)
  A dart slug (D:1)
  33 orcs
  6 endoplasms
  5 giant cockroaches
  6 hobgoblins
  4 jackals (D:1)
  17 kobolds
  A quokka (D:1)
  4 ball pythons
  4 bats
  3 frilled lizards (D:3)
  6 goblins
  4 rats
233 creatures vanquished.

Vanquished Creatures (others)
  2 fungi (D:2)
  5 toadstools (D:2)
7 creatures vanquished.

Grand Total: 240 creatures vanquished

Notes
Turn   | Place    | Note
-------+----------+-------------------------------------------
     0 | D:1      | nickcage the Draconian Venom Mage began the quest for the
                  | Orb.
     0 | D:1      | Reached XP level 1. HP: 14/14 MP: 3/3
   292 | D:1      | Reached XP level 2. HP: 20/20 MP: 3/5
   295 | D:1      | Learned a level 2 spell: Poisonous Vapours
   312 | D:1      | You fall into a shaft and drop 1 floor!
  1043 | D:1      | Reached skill level 4 in Poison Magic
  1258 | D:1      | Reached XP level 3. HP: 26/26 MP: 4/6
  1609 | D:2      | Found a faded altar of an unknown god.
  1617 | D:2      | Prayed at the altar of an unknown god.
  1617 | D:2      | Became a worshipper of Lugonu the Unformed
  1617 | D:2      | Reached * piety under Lugonu
  1617 | D:2      | Reached ** piety under Lugonu
  1765 | D:2      | Reached XP level 4. HP: 16/33 MP: 3/7
  2189 | D:3      | Reached skill level 5 in Poison Magic
  2227 | D:3      | Learned a level 3 spell: Mephitic Cloud
  2419 | D:3      | Reached XP level 5. HP: 36/38 MP: 5/8
  2459 | D:3      | Reached skill level 1 in Air Magic
  3207 | D:3      | Reached XP level 6. HP: 37/45 MP: 3/9
  3614 | D:3      | Found a shimmering altar of Xom.
  3614 | D:3      | Found a sacrificial altar of Ru.
  3681 | D:4      | Reached skill level 6 in Poison Magic
  3719 | D:4      | Noticed Natasha
  3859 | D:3      | Learned a level 4 spell: Olgreb's Toxic Radiance
  3954 | D:4      | Killed Natasha
  4014 | D:4      | Reached skill level 1 in Conjurations
  4021 | D:4      | Noticed Natasha
  4026 | D:4      | Killed Natasha
  4146 | D:4      | Your scales start taking on an icy white colour.
  4146 | D:4      | Reached XP level 7. HP: 13/50 MP: 8/12
  4146 | D:4      | Gained mutation: Your flesh is cold resistant. (rC+) [White
                  | Draconian growth]
  4432 | D:4      | Reached *** piety under Lugonu
  4576 | D:4      | Found a glowing golden altar of the Shining One.
  4864 | D:4      | Reached skill level 7 in Poison Magic
  5247 | D:4      | Noticed Natasha
  5264 | D:4      | Killed Natasha
  5451 | D:5      | Entered Level 5 of the Dungeon
  5671 | D:5      | Found Giatz's Jewellery Boutique.
  5821 | D:5      | Reached XP level 8. HP: 57/57 MP: 8/15
  5986 | D:5      | Reached skill level 5 in Spellcasting
  6070 | D:5      | Reached skill level 8 in Poison Magic
  6802 | D:5      | Found a white marble altar of Elyvilon.
  7129 | D:5      | Reached skill level 9 in Poison Magic
  7491 | D:5      | Learned a level 1 spell: Magic Dart
  8056 | D:6      | Learned a level 5 spell: Iskenderun's Battlesphere
  8084 | D:6      | Reached XP level 9. HP: 39/62 MP: 15/18
  8249 | D:6      | Reached **** piety under Lugonu
  8553 | D:6      | Reached skill level 10 in Poison Magic
  8643 | D:6      | Noticed a two-headed ogre
  8897 | D:6      | Killed a two-headed ogre
  9183 | D:7      | Found a staircase to the Ecumenical Temple.
  9791 | D:7      | Found a hide-covered altar of Uskayaw.
 10222 | D:7      | Found Jeuf's Assorted Antiques.
 10252 | D:7      | Reached XP level 10. HP: 21/69 MP: 19/19
 10612 | D:7      | Bought 2 scrolls labelled DUDOIF ZYKARODWENG for 62 gold
                  | pieces
 10612 | D:7      | Bought a pair of gloves for 139 gold pieces
 11206 | D:8      | Noticed Grum
 11566 | D:8      | Killed Grum
 12608 | D:9      | Identified the amulet of Desertification {RegenMP +Blink
                  | Int+2}
 12697 | D:9      | Noticed a gargoyle
 12936 | D:8      | Learned a level 3 spell: Ozocubu's Armour
 12953 | D:9      | Found a shadowy altar of Dithmenos.
 13234 | D:10     | Entered Level 10 of the Dungeon
 13236 | D:10     | Found an opulent altar of Gozag.
 13286 | D:10     | Found a large runed translucent door.
 13287 | D:10     | Found a large runed translucent door.
 13419 | D:10     | Reached skill level 1 in Ice Magic
 13419 | D:10     | Reached skill level 1 in Invocations
 13744 | D:10     | Reached skill level 1 in Translocations
 13792 | D:10     | Reached ***** piety under Lugonu
 13793 | D:10     | Reached XP level 11. HP: 22/74 MP: 20/23
 14060 | D:10     | Reached skill level 5 in Ice Magic
 14416 | D:10     | Found a basalt altar of Yredelemnul.
 14532 | D:10     | Drowned by a water elemental

Illustrated notes

Levels and vault maps discovered:
D:1:      erik_arrival_orb_chamber, layout_basic, kennysheep_boxes
D:2:      layout_rooms, dreamdust_ecumenical_altar_statues,
          minmay_gold_behind_fungi
D:3:      layout_loops_corners, gammafunk_temple_overflow_elements
D:4:      layout_loops_ring, nicolae_tso_swordbearing_angel, uniq_natasha
D:5:      black_bear_nest_2, layout_basic, mainiacjoe_overflow_surrounded_room,
          serial_shops, shop
D:6:      minmay_clustersquares, layout_loops_ring
D:7:      layout_layer_cave, nicolae_uskayaw_murder_on_the_dancefloor,
          minmay_temple_entry_arrows, serial_shops, shop
D:8:      layout_loops_ring, uniq_grum
D:9:      layout_long_grid, minmay_orc_entry_temple_small, enter_bailey_5,
          minmay_misc_feat_x, kennysheep_small_circle
D:10:     layout_rooms, nicolae_gozag_seed_capital, general_overflow_altar,
          lightli_elemental_guards

Skill      XL: |  1  2  3  4  5  6  7  8  9 10 11 |
---------------+----------------------------------+-----
Poison Magic   | 4 5 6 7 9 10 | 10.0
Transmutations | 2 |  2.3
Air Magic      | 1 2 |  2.0
Spellcasting   | 3 4 6 8 |  8.0
Conjurations   | 1 2 8 9 |  9.0
Ice Magic      | 4 6 |  6.0
Invocations    | 4 |  4.5
Translocations | 1 |  1.3
Dodging        | |  1.7
Stealth        | |  1.7

Action                   |  1- 3 |  4- 6 |  7- 9 | 10-12 || total
-------------------------+-------+-------+-------+-------++-------
Melee: Unarmed           |     5 |       |       |       ||     5
       Dagger            |    27 |       |       |       ||    27
       Short sword       |    20 |    41 |   256 |   141 ||   458
       Tailslap          |     5 |     2 |    44 |    19 ||    70
       Punch             |       |     1 |     4 |     3 ||     8
 Cast: Sting             |    36 |    70 |    79 |    48 ||   233
       Poisonous Vapours |     3 |    11 |    75 |    48 ||   137
       Magic Dart        |       |       |    38 |     6 ||    44
       Olgreb's Toxic Ra |       |       |     2 |     7 ||     9
       Mephitic Cloud    |       |       |     1 |       ||     1
       Iskenderun's Batt |       |       |       |     2 ||     2
       Ozocubu's Armour  |       |       |       |     2 ||     2
Invok: Bend Space        |       |       |     1 |       ||     1
 Abil: Breathe Frost     |       |       |     6 |     5 ||    11
  Use: Scroll            |       |     2 |    10 |     3 ||    15
       Potion            |       |       |       |     2 ||     2
 Stab: Sleeping          |       |     1 |       |       ||     1
Armor: Skin              |    20 |    35 |   103 |    76 ||   234
Dodge: Dodged            |    28 |    48 |   169 |   135 ||   380
